 Dungeon Crawl Stone Soup version 0.25.1-2-g60ff931df9 (webtiles) character file.

Game seed: 9899918706653054112

202 Fallenstar the Covered (level 5, -17/47 HPs)
             Began as a Minotaur Fighter on Sept 14, 2020.
             Demolished by an ogre
             ... wielding a +0 giant club
              (19 damage)
             ... on level 3 of the Dungeon.
             The game lasted 00:06:59 (2969 turns).

Fallenstar the Covered (Minotaur Fighter)           Turns: 2969, Time: 00:07:00

Health: -17/47     AC:  7    Str: 18 (21) XL:     5   Next: 50%
Magic:  4/4        EV:  7    Int:  5      God:
Gold:   104        SH:  9    Dex: 10      Spells: 4/4 levels left

rFire    . . .     SeeInvis .   a - +1 war axe
rCold    . . .     Gourm    .   c - +0 kite shield
rNeg     . . .     Faith    .   b - +0 scale mail
rPois    .         Spirit   .   (helmet restricted)
rElec    .         Reflect  .   (no cloak)
rCorr    .         Harm     .   (no gloves)
MR       .....                  (no boots)
Stlth    ..........             (no amulet)
HPRegen  0.15/turn              (no ring)
MPRegen  0.09/turn              (no ring)

@: mighty, brilliant
A: retaliatory headbutt, horns 2
a: no special abilities


You were on level 3 of the Dungeon.
You were not hungry.

You visited 1 branch of the dungeon, and saw 3 of its levels.

You collected 104 gold pieces.

Inventory:

Hand Weapons
 a - a +1 war axe (weapon)
Armour
 b - a +0 scale mail (worn)
 c - a +0 kite shield (worn)
Jewellery
 h - an uncursed ring of protection from magic {unknown}
 j - an uncursed ring of protection from cold {unknown}
 n - an uncursed amulet of faith {unknown}
Scrolls
 i - a scroll of remove curse
 o - 2 scrolls of identify
Potions
 d - a potion of might
 e - a potion of brilliance
 k - a potion of heal wounds {unknown}
 l - 2 potions of stabbing
Comestibles
 f - 7 rations
 g - a chunk of flesh


   Skills:
 + Level 4.3 Fighting
 + Level 4.6 Axes
 * Level 5.1 Armour
 + Level 4.5 Shields


You had 4 spell levels left.
You didn't know any spells.
Your spell library contained the following spells:

 Spells                   Type           Power        Failure   Level  Hunger
 Confusing Touch          Hex            #.......     100%        3    None
 Gell's Gravitas          Tloc           #.........   100%        3    None
 Petrify                  Tmut/Erth      #.......     100%        4    None
 Metabolic Englaciation   Hex/Ice        #.........   100%        5    None
 Yara's Violent Unravell  Hex/Tmut       #.........   100%        5    None


Dungeon Overview and Level Annotations

Branches:
Dungeon (3/15)

Altars:
Nemelex Xobeh


Innate Abilities, Weirdness & Mutations

You reflexively headbutt those who attack you in melee.
You have a pair of horns on your head.


Message History

A hobgoblin comes into view.
You feel very mighty all of a sudden. The ogre closely misses you.
You barely miss the ogre.
Your shield and scale mail prevent you from hitting the hobgoblin.
The hobgoblin hits you but does no damage.
The ogre hits you with a +0 giant club!!
Ouch! That really hurt!
You are too injured to fight recklessly!
You slash the ogre! You headbutt the ogre!
The ogre is severely wounded.
You closely miss the hobgoblin. The hobgoblin completely misses you.
You furiously retaliate!
You headbutt the hobgoblin.
The ogre hits you with a +0 giant club!!
* * * LOW HITPOINT WARNING * * *
You block the hobgoblin's attack.
It was a potion of brilliance.
You feel clever all of a sudden.
The ogre hits you with a +0 giant club!!
You die...

#........#####.#######
#...........##.#
#...........##.#
#...........##.#####
#...........##.....#
#...........######.#
#######.....# #...# #
##########.### #
........#@####.#
#######.gO.....#
....###..######
..8..##..#
....oo#..######
....oo#.......#
....oo#..####.#
..8.o##.......# ....#
#..####.#


You could see an ogre and a hobgoblin.

Vanquished Creatures
  An orc priest (D:3)
  4 gnolls (D:3)
  2 adders (D:3)
  2 oozes (D:3)
  3 dart slugs
  8 leopard geckos
  5 orcs (D:3)
  5 giant cockroaches
  6 goblins
  9 hobgoblins
  A quokka (D:2)
  A ball python (D:1)
  10 bats
  8 frilled lizards
  16 kobolds
  13 rats
94 creatures vanquished.

Notes
Turn   | Place    | Note
-------+----------+-------------------------------------------
     0 | D:1      | Fallenstar the Minotaur Fighter began the quest for the
                  | Orb.
     0 | D:1      | Reached XP level 1. HP: 19/19 MP: 0/0
   256 | D:1      | Reached XP level 2. HP: 27/27 MP: 1/1
   618 | D:1      | Reached skill level 4 in Armour
   838 | D:1      | Reached XP level 3. HP: 33/33 MP: 2/2
  1678 | D:2      | Reached XP level 4. HP: 40/40 MP: 3/3
  1942 | D:3      | Reached XP level 5. HP: 35/46 MP: 4/4
  2331 | D:3      | Reached skill level 5 in Armour
  2899 | D:3      | Found a sparkling altar of Nemelex Xobeh.
  2957 | D:3      | Noticed an ogre
  2964 | D:3      | HP: 1/47 [ogre/+0 giant club (22)]
  2969 | D:3      | Demolished by an ogre

Illustrated notes

Levels and vault maps discovered:
D:1:      minmay_arrival_four_houses, layout_basic, serial_rivers,
          chequers_serial_rivers_micro_e, chequers_serial_rivers_room_b,
          chequers_serial_rivers_marsh, chequers_serial_rivers_marsh,
          chequers_serial_rivers_micro_e, chequers_serial_rivers_small_b
D:2:      minmay_chambers_of_ones, layout_basic
D:3:      cheibrodos_pilgrimage, layout_basic, nemelex_altar_shiori

Skill      XL: |  1  2  3  4  5 |
---------------+----------------+-----
Shields        | 4 |  4.5
Armour         | 4 5 |  5.1
Fighting       | 4 |  4.3
Axes           | 3 4 |  4.6

Action                   |  1- 3 |  4- 6 || total
-------------------------+-------+-------++-------
Melee: War axe           |   130 |    87 ||   217
       Headbutt          |    13 |    10 ||    23
  Use: Potion            |     1 |     6 ||     7
       Scroll            |     1 |     1 ||     2
  Eat: Chunk             |     3 |     4 ||     7
Armor: Scale mail        |    56 |    38 ||    94
Dodge: Dodged            |    59 |    37 ||    96
Block: Kite shield       |    78 |    46 ||   124
